[Event "ICC tourney 2438 (75 10)"]
[Site "Internet Chess Club"]
[Date "2021.03.07"]
[Round "4"]
[White "CAO, TIMOTHY:tcao"]
[Black "FANG, JADEN:SaltyCarrot777"]
[Result "1/2-1/2"]
[ICCResult "Game drawn by mutual agreement"]
[WhiteElo "2067"]
[BlackElo "2002"]
[Opening "Sicilian: Pelikan (Lasker/Sveshnikov) variation"]
[ECO "B33"]
[NIC "SI.35"]
[Time "13:01:41"]
[PlyCount "64"]
[TimeControl "4500+10"]

1. e4 c5 2. Nf3 Nc6 3. d4 cxd4 4. Nxd4 Nf6 5. Nc3 e5 6. Nb3 Bb4 7. Bg5 h6
8. Bxf6 Qxf6 9. Be2 O-O 10. O-O Bxc3 11. bxc3 d6 12. Qd2 Rd8 13. f4 exf4
14. Rxf4 Qe5 15. Raf1 Be6 16. Nd4 Rd7 17. Nxe6 fxe6 18. Kh1 Re8 19. Bc4 Kh7
20. Qd3 a6 21. Qf3 Ree7 22. h4 Qc5 23. Bb3 Ne5 24. Qh3 d5 25. exd5 exd5 26.
Qf5+ Kh8 27. Qf8+ Kh7 28. Qf5+ Kh8 29. Qh3 Kh7 30. h5 Re8 31. Rf5 Rde7 32.
Qg3 Qd6 { Game drawn by mutual agreement } 1/2-1/2

[Event "ICC tourney 2438 (75 10)"]
[Site "Internet Chess Club"]
[Date "2021.03.07"]
[Round "4"]
[White "ZENG, ELBERT:investigator"]
[Black "REDDY, SATVIK:chesslead"]
[Result "1/2-1/2"]
[ICCResult "Game drawn by mutual agreement"]
[WhiteElo "2084"]
[BlackElo "2119"]
[Opening "Réti opening"]
[ECO "A11"]
[NIC "RE.06"]
[Time "13:02:05"]
[PlyCount "80"]
[TimeControl "4500+10"]

1. Nf3 d5 2. c4 c6 3. g3 Nf6 4. Bg2 Bf5 5. Qb3 Qb6 6. d3 e6 7. O-O Be7 8.
Be3 Qa6 9. Nc3 O-O 10. cxd5 exd5 11. Bd4 Nbd7 12. Rfe1 Bg6 13. Nh4 Rfe8 14.
Nxg6 hxg6 15. Rad1 Rad8 16. e4 dxe4 17. dxe4 Bc5 18. e5 Bxd4 19. Rxd4 Nc5
20. Qd1 Rxd4 21. Qxd4 Ne6 22. Qb4 Nd7 23. Bf1 Qb6 24. Qxb6 Nxb6 25. Rd1 Rd8
26. Rxd8+ Nxd8 27. Ne4 Kf8 28. f4 Ke7 29. Kf2 f6 30. Nc5 Nd5 31. Kf3 fxe5
32. fxe5 b6 33. Nd3 Nf7 34. h4 g5 35. Ke4 g6 36. Bh3 Nh6 37. hxg5 Nf7 38.
Kd4 Nxg5 39. Bg2 Ne6+ 40. Ke4 Ng5+ { Game drawn by mutual agreement }
1/2-1/2

[Event "ICC tourney 2438 (75 10)"]
[Site "Internet Chess Club"]
[Date "2021.03.07"]
[Round "4"]
[White "RAJANISH, ADHVAITH:Adhvaith0406"]
[Black "TANG, AUSTIN:Mrpeetapizza"]
[Result "1/2-1/2"]
[ICCResult "Game drawn by mutual agreement"]
[WhiteElo "2036"]
[BlackElo "1874"]
[Opening "Sicilian: Richter-Rauzer"]
[ECO "B60"]
[NIC "SI.27"]
[Time "13:01:53"]
[PlyCount "88"]
[TimeControl "4500+10"]

1. e4 c5 2. Nf3 d6 3. d4 cxd4 4. Nxd4 Nf6 5. Nc3 Nc6 6. Bg5 Qb6 7. Nb3 e6
8. Be2 Be7 9. O-O O-O 10. Qd2 Rd8 11. Be3 Qc7 12. Rad1 d5 13. exd5 Nxd5 14.
Nxd5 Rxd5 15. Qc1 Rxd1 16. Rxd1 e5 17. c3 b6 18. Qd2 Be6 19. Bf3 Rd8 20.
Qc1 Rxd1+ 21. Qxd1 Qd7 22. Qxd7 Bxd7 23. Bd5 Nd8 24. f4 exf4 25. Bxf4 Ne6
26. Be3 Kf8 27. Nd4 Nxd4 28. Bxd4 Bc5 29. Bxc5+ bxc5 30. Kf2 Ke7 31. Ke3 f6
32. a3 Kd6 33. Be4 h6 34. g3 g5 35. b4 cxb4 36. axb4 Ke5 37. c4 f5 38. Bf3
f4+ 39. gxf4+ gxf4+ 40. Kd3 Bf5+ 41. Kc3 h5 42. Bxh5 Be4 43. Kd2 Kd4 44. c5
Kc4 { Game drawn by mutual agreement } 1/2-1/2

[Event "ICC tourney 2438 (75 10)"]
[Site "Internet Chess Club"]
[Date "2021.03.07"]
[Round "4"]
[White "Heidari, Ako:Ako-Ako"]
[Black "OPASKA, MICHAEL:mopaska1106"]
[Result "1/2-1/2"]
[ICCResult "Game drawn by mutual agreement"]
[WhiteElo "1920"]
[BlackElo "1945"]
[Opening "Sicilian: Alapin's variation (2.c3)"]
[ECO "B22"]
[NIC "SI.46"]
[Time "13:01:55"]
[PlyCount "89"]
[TimeControl "4500+10"]

1. e4 c5 2. c3 d5 3. exd5 Qxd5 4. d4 Nc6 5. Nf3 Bf5 6. Be2 cxd4 7. cxd4
Bxb1 8. Rxb1 Nf6 9. O-O e6 10. Be3 Be7 11. Rc1 O-O 12. Bc4 Qa5 13. a3 Rfd8
14. Qe2 Bd6 15. Rfd1 h6 16. Ba2 Ne7 17. Ne5 Bxe5 18. Rc5 Qa4 19. Rxe5 Ned5
20. g4 Rac8 21. Bb1 Nxe3 22. fxe3 Rd5 23. Rxd5 exd5 24. Rf1 Re8 25. Rf5
Qxd4 26. exd4 Rxe2 27. Ba2 Re4 28. Bxd5 Rxg4+ 29. Kf1 Rxd4 30. Bxb7 Rd2 31.
Rb5 Rxh2 32. Bg2 Rh5 33. Rb8+ Kh7 34. Rb7 Rf5+ 35. Ke2 a5 36. b4 axb4 37.
axb4 Kg6 38. b5 Re5+ 39. Kd3 h5 40. b6 Rb5 41. Bc6 Rb4 42. Kc3 Rb1 43. Kc2
Rb4 44. Kc3 Rb1 45. Kc2 { Game drawn by mutual agreement } 1/2-1/2

[Event "ICC tourney 2438 (75 10)"]
[Site "Internet Chess Club"]
[Date "2021.03.07"]
[Round "4"]
[White "ZHANG, ROGER:RogerZ"]
[Black "BERKLEY, DARRIN K:drberkley"]
[Result "1-0"]
[ICCResult "Black resigns"]
[WhiteElo "1957"]
[BlackElo "1931"]
[Opening "Pirc: classical (two knights) system"]
[ECO "B08"]
[NIC "PU.10"]
[Time "13:01:45"]
[PlyCount "105"]
[TimeControl "4500+10"]

1. e4 d6 2. d4 Nf6 3. Nc3 g6 4. Nf3 Bg7 5. Bd3 O-O 6. Qe2 Bg4 7. h3 Bxf3 8.
Qxf3 Nc6 9. Be3 e5 10. d5 Nd4 11. Bxd4 exd4 12. Ne2 Re8 13. O-O Nd7 14.
Rad1 a6 15. Qg3 Nc5 16. Qg4 h5 17. Qf4 Qe7 18. f3 Kh7 19. b4 Bh6 20. Qg3
Be3+ 21. Kh1 Na4 22. Rb1 b5 23. f4 Rf8 24. c3 Bd2 25. cxd4 Nc3 26. Rb2 Nxe4
27. Bxe4 Qxe4 28. Rxd2 Qxd5 29. Qf3 Qxf3 30. Rxf3 Rfe8 31. f5 Re7 32. fxg6+
fxg6 33. Nc3 c6 34. Re2 Rxe2 35. Nxe2 Kg7 36. Nf4 Re8 37. Rg3 Kf6 38. Rxg6+
Kf5 39. g3 h4 40. Rxd6 hxg3 41. Nh5 Kg5 42. Nxg3 Kf4 43. Kg2 Rg8 44. Rf6+
Ke3 45. Rxc6 Kxd4 46. Rxa6 Kc4 47. a3 Rd8 48. h4 Rd2+ 49. Kh3 Kb3 50. h5
Rd7 51. h6 Kc4 52. Nf5 Rd1 53. Ne3+ { Black resigns } 1-0

[Event "ICC tourney 2438 (75 10)"]
[Site "Internet Chess Club"]
[Date "2021.03.07"]
[Round "4"]
[White "Kodarapu, Ishaan:pika0008"]
[Black "SRIPADA, HAVISH:brilliantnessme"]
[Result "1-0"]
[ICCResult "Black checkmated"]
[WhiteElo "1965"]
[BlackElo "2036"]
[Opening "English opening"]
[ECO "A05"]
[NIC "QP.11"]
[Time "13:02:15"]
[PlyCount "87"]
[TimeControl "4500+10"]

1. Nf3 Nf6 2. c4 e6 3. e3 d5 4. b3 Be7 5. Bb2 c5 6. Be2 Nc6 7. cxd5 exd5 8.
d4 Bg4 9. O-O O-O 10. Nbd2 Rc8 11. Rc1 b6 12. Ne5 Nxe5 13. dxe5 Bxe2 14.
Qxe2 Nd7 15. f4 Nb8 16. Nf3 Nc6 17. Rfd1 d4 18. Kh1 Rc7 19. Rd2 Rd7 20.
Rcd1 Qc8 21. exd4 cxd4 22. Nxd4 Nxd4 23. Bxd4 Bb4 24. Rd3 Qa6 25. Qe4 Re8
26. Qc6 Rdd8 27. Bg1 Rc8 28. Qd7 Qxa2 29. f5 Qe2 30. e6 fxe6 31. f6 Be7 32.
fxe7 Qh5 33. Qxe6+ Qf7 34. Qxc8 Rxc8 35. Rd8+ Qe8 36. Rxc8 Qxc8 37. Rd8+
Kf7 38. e8=Q+ Kf6 39. Rxc8 g6 40. Bd4+ Kg5 41. Rd8 Kh6 42. Be3+ g5 43. Qf7
a5 44. Rd6# { Black checkmated } 1-0

[Event "ICC tourney 2438 (75 10)"]
[Site "Internet Chess Club"]
[Date "2021.03.07"]
[Round "4"]
[White "HU, ALEXANDER C:ahu1015"]
[Black "JORAJURIA MENDOZA, ALGOL:AJM04"]
[Result "1/2-1/2"]
[ICCResult "Game drawn by mutual agreement"]
[WhiteElo "2015"]
[BlackElo "2050"]
[Opening "Sicilian: Pelikan (Lasker/Sveshnikov) variation"]
[ECO "B33"]
[NIC "SI.35"]
[Time "13:02:03"]
[PlyCount "59"]
[TimeControl "4500+10"]

1. e4 c5 2. Nf3 Nc6 3. d4 cxd4 4. Nxd4 Nf6 5. Nc3 e5 6. Ndb5 d6 7. Nd5 Nxd5
8. exd5 Nb8 9. a4 Be7 10. Be3 Nd7 11. Be2 O-O 12. O-O a6 13. Na3 a5 14. Nc4
b6 15. Ra3 Ba6 16. Nd2 Bb7 17. Nc4 Ba6 18. Rb3 Bxc4 19. Bxc4 Bg5 20. Bxg5
Qxg5 21. Rg3 Qe7 22. f4 exf4 23. Rxf4 Ne5 24. Qe2 Ra7 25. Bd3 g6 26. h3 Kh8
27. Qf2 Rb7 28. h4 Nxd3 29. Rxd3 Qe5 30. Qd4 { Game drawn by mutual
agreement } 1/2-1/2

[Event "ICC tourney 2438 (75 10)"]
[Site "Internet Chess Club"]
[Date "2021.03.07"]
[Round "4"]
[White "DENG, HENRY:SuperPuzzler"]
[Black "YERRA, SAI SNEHA:saisneha"]
[Result "1/2-1/2"]
[ICCResult "Game drawn by mutual agreement"]
[WhiteElo "2049"]
[BlackElo "1901"]
[Opening "Ruy Lopez: Anderssen variation"]
[ECO "C77"]
[NIC "RL.12"]
[Time "13:02:01"]
[PlyCount "92"]
[TimeControl "4500+10"]

1. e4 e5 2. Nf3 Nc6 3. Bb5 a6 4. Ba4 Nf6 5. d3 b5 6. Bb3 Be7 7. O-O d6 8.
c3 O-O 9. Nbd2 Bb7 10. Re1 Na5 11. Bc2 Re8 12. Nf1 Bf8 13. Ng3 g6 14. h3 c5
15. d4 exd4 16. cxd4 cxd4 17. Nxd4 Bg7 18. Bd2 Nc4 19. Bc3 Qb6 20. Nf3 b4
21. Bd4 Qd8 22. Qd3 Ne5 23. Nxe5 dxe5 24. Be3 Rc8 25. Rad1 Qe7 26. Qe2 a5
27. Ba4 Bc6 28. Bxc6 Rxc6 29. Rc1 Rec8 30. Qb5 Rxc1 31. Rxc1 Rxc1+ 32. Bxc1
Qc7 33. Be3 h6 34. a3 bxa3 35. bxa3 Qc3 36. a4 Qb4 37. Qxb4 axb4 38. a5 b3
39. Bc1 Bf8 40. Bb2 Nd7 41. Nf1 Nc5 42. Nd2 f6 43. a6 Nxa6 44. Nxb3 Kf7 45.
Kf1 Ke6 46. Ke2 Nc5 { Game drawn by mutual agreement } 1/2-1/2

[Event "ICC tourney 2438 (75 10)"]
[Site "Internet Chess Club"]
[Date "2021.03.07"]
[Round "4"]
[White "WENG, NICHOLAS RUOGU:greenninja"]
[Black "TURCOTTE,JONATHAN:JonnyTurgi"]
[Result "0-1"]
[ICCResult "White resigns"]
[WhiteElo "2055"]
[BlackElo "2087"]
[Opening "Caro-Kann: two knights, 3...Bg4"]
[ECO "B11"]
[NIC "CK.01"]
[Time "13:01:43"]
[PlyCount "102"]
[TimeControl "4500+10"]

1. e4 c6 2. Nc3 d5 3. Nf3 Bg4 4. h3 Bxf3 5. Qxf3 Nf6 6. g3 e6 7. Bg2 Bb4 8.
e5 Nfd7 9. Qg4 Bf8 10. f4 Qb6 11. Ne2 g6 12. d4 c5 13. c3 Nc6 14. Be3 cxd4
15. cxd4 Qxb2 16. O-O Nb6 17. Qf3 Nc4 18. Rfb1 Qa3 19. Rb3 Qa6 20. g4 N6a5
21. Rbb1 Nxe3 22. Qxe3 Nc4 23. Qf2 Ba3 24. Nc3 O-O 25. f5 Rac8 26. f6 Rfd8
27. Nd1 b5 28. Rb3 Bf8 29. Bf1 Qa5 30. h4 a6 31. h5 Qd2 32. Be2 Bh6 33.
hxg6 hxg6 34. Rh3 Qg5 35. Qh4 Qxh4 36. Rxh4 Bg5 37. Rh3 Na5 38. Nf2 Rc1+
39. Rxc1 Bxc1 40. Nd3 Bg5 41. Nb4 Rc8 42. Nxa6 Rc1+ 43. Kf2 Nc6 44. Bxb5
Nxd4 45. a4 Bf4 46. Nb8 Rc2+ 47. Ke1 Bxe5 48. Nd7 Bd6 49. Kd1 Rc7 50. Nb8
Rb7 51. Nc6 Nxb5 { White resigns } 0-1

[Event "ICC tourney 2438 (75 10)"]
[Site "Internet Chess Club"]
[Date "2021.03.07"]
[Round "4"]
[White "FENG, YANZHE:yanzhe"]
[Black "GAW, CHLOE:HarleyQueen8"]
[Result "1-0"]
[ICCResult "Black checkmated"]
[WhiteElo "1902"]
[BlackElo "1866"]
[Opening "QGA: 3.e4"]
[ECO "D20"]
[NIC "QG.04"]
[Time "13:01:45"]
[PlyCount "107"]
[TimeControl "4500+10"]

1. d4 d5 2. c4 dxc4 3. e4 e5 4. Nf3 exd4 5. Nxd4 Bc5 6. Be3 Nf6 7. Nc3 O-O
8. Bxc4 Qe7 9. Qc2 Re8 10. f3 h6 11. Qf2 Qe5 12. O-O Bd7 13. h3 Nc6 14. f4
Qh5 15. e5 Bxd4 16. Bxd4 Nh7 17. Be3 Nf8 18. Rad1 Red8 19. f5 Nxe5 20. Be2
Qxf5 21. Qxf5 Bxf5 22. Rxd8 Rxd8 23. Rxf5 Nc6 24. Bc4 Rd7 25. Bb5 Rd6 26.
Bc5 Rd2 27. Rd5 Rxb2 28. Bxc6 bxc6 29. Rd8 Rc2 30. Bxf8 Kh7 31. Bb4 Rb2 32.
Rd4 Rc2 33. Rc4 g5 34. Rxc6 h5 35. Rxc7 Kg6 36. Rxa7 g4 37. hxg4 hxg4 38.
Rd7 f5 39. a4 Rb2 40. Rd4 Rc2 41. a5 Rc1+ 42. Rd1 Rc2 43. a6 Rb2 44. a7
Rxb4 45. a8=Q Kh5 46. Qh8+ Kg5 47. Qg7+ Kh5 48. Qh7+ Kg5 49. Qe7+ Kh5 50.
Qxb4 Kh4 51. Qd6 g3 52. Qh6+ Kg4 53. Rd4+ f4 54. Rxf4# { Black checkmated }
1-0

[Event "ICC tourney 2438 (75 10)"]
[Site "Internet Chess Club"]
[Date "2021.03.07"]
[Round "4"]
[White "MIKOYAN, SUREN:mikoyansuren"]
[Black "GAO, MATTHEW IAN:xcelswimmer"]
[Result "1-0"]
[ICCResult "Black resigns"]
[WhiteElo "2075"]
[BlackElo "1916"]
[Opening "Torre attack (Tartakower variation)"]
[ECO "D03"]
[NIC "QP.08"]
[Time "13:01:48"]
[PlyCount "133"]
[TimeControl "4500+10"]

1. d4 d5 2. Nf3 Nf6 3. Bg5 c5 4. e3 Nc6 5. dxc5 e6 6. Be2 Bxc5 7. O-O h6 8.
Bf4 O-O 9. c4 Qe7 10. cxd5 Nxd5 11. Bg3 Rd8 12. Qb3 Na5 13. Qc2 Bd7 14. Nc3
Nxc3 15. Qxc3 Bb4 16. Qc2 Rac8 17. Qb1 Ba4 18. Rc1 Rxc1+ 19. Qxc1 Qd7 20.
b3 Bb5 21. Ne5 Qe8 22. Bxb5 Qxb5 23. Qc7 Qe8 24. Nxf7 Rd7 25. Nd6 Qe7 26.
Qb8+ Kh7 27. Ne4 e5 28. Rc1 Nc6 29. Qc8 Qe6 30. Rf1 Qd5 31. h3 a5 32. Rc1
Ba3 33. Rf1 Bb4 34. f3 Qd3 35. Nf2 Qd6 36. Rd1 Rc7 37. Qf5+ Qg6 38. Qxg6+
Kxg6 39. Ne4 Kf5 40. Kf1 Be7 41. Ke2 Nb4 42. a3 Nc2 43. a4 Nb4 44. Nd6+ Ke6
45. Nc4 Rc5 46. Nxe5 Bf6 47. Nc4 Nd5 48. Be1 b5 49. axb5 Rxb5 50. Nxa5 Nc3+
51. Bxc3 Bxc3 52. Nc6 Rxb3 53. f4 Rb2+ 54. Kf3 Bf6 55. g4 Rh2 56. Kg3 Re2
57. Rd3 g6 58. Nd4+ Bxd4 59. exd4 Kd5 60. f5 gxf5 61. gxf5 Ke4 62. Rf3 Kxd4
63. f6 Re8 64. f7 Rf8 65. Rf5 Ke4 66. Kg4 h5+ 67. Kg5 { Black resigns } 1-0

[Event "ICC tourney 2438 (75 10)"]
[Site "Internet Chess Club"]
[Date "2021.03.07"]
[Round "4"]
[White "UAN-ZO-LI, SEAN A:BreadBasket"]
[Black "MYSORE, ABHINAV NAVEEN:Mapking1"]
[Result "0-1"]
[ICCResult "White resigns"]
[WhiteElo "1900"]
[BlackElo "1979"]
[Opening "Grünfeld: modern exchange variation"]
[ECO "D85"]
[NIC "GI.04"]
[Time "13:01:50"]
[PlyCount "92"]
[TimeControl "4500+10"]

1. d4 Nf6 2. c4 g6 3. Nc3 d5 4. cxd5 Nxd5 5. e4 Nxc3 6. bxc3 Bg7 7. Nf3 O-O
8. Be2 c5 9. O-O Nc6 10. Bb2 Bg4 11. d5 Bxf3 12. Bxf3 Na5 13. Be2 c4 14.
Qd2 Qc7 15. f4 Qc5+ 16. Kh1 b5 17. Qc1 Rfd8 18. Ba3 Qc7 19. Qb2 a6 20. Rad1
f6 21. Bg4 Nb7 22. Be6+ Kh8 23. Qb4 Nd6 24. Rde1 a5 25. Qb1 b4 26. cxb4 Nb5
27. Bc1 Nc3 28. Qb2 f5 29. e5 axb4 30. Qxb4 Nxd5 31. Bxd5 Rxd5 32. Ba3 Bf8
33. e6 Rd3 34. Bb2+ c3 35. Ba1 Rxa2 36. Rb1 Kg8 37. Rfc1 c2 38. Be5 cxb1=Q
39. Qxb1 Qxc1+ 40. Qxc1 Rad2 41. h3 Rd1+ 42. Qxd1 Rxd1+ 43. Kh2 Bg7 44. g4
Bxe5 45. fxe5 fxg4 46. hxg4 Re1 { White resigns } 0-1

[Event "ICC tourney 2438 (75 10)"]
[Site "Internet Chess Club"]
[Date "2021.03.07"]
[Round "4"]
[White "Massick, Laine:Laine23"]
[Black "HO, COOPER:arsenicblast"]
[Result "1/2-1/2"]
[ICCResult "Game drawn by mutual agreement"]
[WhiteElo "1957"]
[BlackElo "1975"]
[Opening "Ruy Lopez: closed, Breyer, Borisenko variation"]
[ECO "C95"]
[NIC "RL.25"]
[Time "13:01:43"]
[PlyCount "81"]
[TimeControl "4500+10"]

1. e4 e5 2. Nf3 Nc6 3. Bb5 a6 4. Ba4 Nf6 5. O-O Be7 6. Re1 b5 7. Bb3 d6 8.
c3 O-O 9. h3 Nb8 10. d4 Nbd7 11. Nbd2 Bb7 12. Bc2 Re8 13. a4 Bf8 14. Bd3
bxa4 15. Qxa4 Ra7 16. Bb1 g6 17. Qc2 Bg7 18. d5 Ra8 19. Nf1 Rc8 20. Bg5 h6
21. Bh4 c6 22. dxc6 Rxc6 23. Ne3 Rc8 24. Qe2 Qc7 25. Nd2 Nc5 26. Bxf6 Bxf6
27. Nd5 Qd8 28. Nc4 Bxd5 29. exd5 Qc7 30. Ne3 a5 31. Bc2 Ra8 32. Ra2 Ra7
33. Rea1 Rea8 34. Nc4 Bg7 35. b4 axb4 36. Rxa7 Rxa7 37. Rxa7 Qxa7 38. cxb4
Nb7 39. Qg4 Qa1+ 40. Kh2 Qe1 41. Qc8+ { Game drawn by mutual agreement }
1/2-1/2

[Event "ICC tourney 2438 (75 10)"]
[Site "Internet Chess Club"]
[Date "2021.03.07"]
[Round "4"]
[White "CARTER, DAVID E:CARTERD253"]
[Black "LIU, FELIX YIPENG:closedforce"]
[Result "1-0"]
[ICCResult "Black resigns"]
[WhiteElo "2137"]
[BlackElo "1909"]
[Opening "King's Indian: Petrosian system, Stein variation"]
[ECO "E92"]
[NIC "KI.17"]
[Time "13:01:47"]
[PlyCount "101"]
[TimeControl "4500+10"]

1. d4 Nf6 2. c4 g6 3. Nc3 Bg7 4. e4 d6 5. Be2 O-O 6. Nf3 e5 7. d5 a5 8. Bg5
h6 9. Bh4 Qe8 10. Nd2 Na6 11. a3 Bd7 12. b3 h5 13. Bg5 Nh7 14. Be3 f5 15.
f3 f4 16. Bf2 g5 17. h3 Qg6 18. Qb1 g4 19. hxg4 hxg4 20. b4 axb4 21. axb4
g3 22. Bg1 Ng5 23. c5 Kf7 24. c6 Bc8 25. b5 b6 26. bxa6 Rh8 27. Rxh8 Bxh8
28. a7 Qh6 29. Bf1 Qh1 30. Ne2 Bh3 31. gxh3 Nxf3+ 32. Nxf3 Qxf3 33. Bxb6
cxb6 34. Qxb6 g2 35. Bxg2 Qxg2 36. Qb7+ Kg6 37. Kd2 Qxe4 38. Rg1+ Kh6 39.
Qxa8 Qb4+ 40. Kd1 Qb3+ 41. Ke1 Qb1+ 42. Kf2 Qb6+ 43. Kg2 f3+ 44. Kxf3 e4+
45. Kg4 Bg7 46. Qb7 Qe3 47. Qxg7+ Kxg7 48. a8=Q Kh7 49. Qb7+ Kh6 50. Kf5
Qf3+ 51. Nf4 { Black resigns } 1-0

[Event "ICC tourney 2438 (75 10)"]
[Site "Internet Chess Club"]
[Date "2021.03.07"]
[Round "5"]
[White "ZHANG, ALEX:yangjunboy7"]
[Black "RAJANISH, ADHVAITH:Adhvaith0406"]
[Result "1/2-1/2"]
[ICCResult "Game drawn by mutual agreement"]
[WhiteElo "1967"]
[BlackElo "2036"]
[Opening "Queen's Indian: 4.g3"]
[ECO "E15"]
[NIC "QI.02"]
[Time "16:33:10"]
[PlyCount "50"]
[TimeControl "4500+10"]

1. d4 Nf6 2. c4 e6 3. Nf3 b6 4. g3 Bb4+ 5. Bd2 Bxd2+ 6. Qxd2 Ba6 7. b3 O-O
8. Bg2 c6 9. O-O d5 10. Ne5 Bb7 11. Nc3 Nbd7 12. Nxd7 Qxd7 13. e4 dxe4 14.
Nxe4 Nxe4 15. Bxe4 Rfd8 16. Rad1 Qe7 17. Qc2 g6 18. Rd2 Rd6 19. Rfd1 Rad8
20. Bg2 h5 21. Qe4 R6d7 22. Qe3 Qf6 23. h4 Kg7 24. c5 b5 25. Qc3 a6 { Game
drawn by mutual agreement } 1/2-1/2

[Event "ICC tourney 2438 (75 10)"]
[Site "Internet Chess Club"]
[Date "2021.03.07"]
[Round "5"]
[White "GAW, CHLOE:HarleyQueen8"]
[Black "JORAJURIA MENDOZA, ALGOL:AJM04"]
[Result "1-0"]
[ICCResult "Black resigns"]
[WhiteElo "1866"]
[BlackElo "2050"]
[Opening "QGD"]
[ECO "D52"]
[NIC "SL.03"]
[Time "16:33:00"]
[PlyCount "57"]
[TimeControl "4500+10"]

1. d4 d5 2. c4 c6 3. Nf3 Nf6 4. Nc3 e6 5. Bg5 Nbd7 6. e3 h6 7. Bh4 Be7 8.
Qc2 O-O 9. Rc1 Re8 10. a3 Nh5 11. Bxe7 Qxe7 12. Bd3 Nhf6 13. O-O e5 14.
dxe5 Nxe5 15. Nxe5 Qxe5 16. h3 g5 17. cxd5 cxd5 18. Nb5 Bd7 19. Qc3 Qxc3
20. Rxc3 Rec8 21. Rfc1 a6 22. Nd6 Rxc3 23. Rxc3 Bc6 24. Nf5 Kf8 25. Nxh6 d4
26. exd4 Nd5 27. Rc5 Nf4 28. Rxg5 Ke7 29. Re5+ { Black resigns } 1-0

[Event "ICC tourney 2438 (75 10)"]
[Site "Internet Chess Club"]
[Date "2021.03.07"]
[Round "5"]
[White "REDDY, SATVIK:chesslead"]
[Black "TURCOTTE,JONATHAN:JonnyTurgi"]
[Result "1-0"]
[ICCResult "Black resigns"]
[WhiteElo "2119"]
[BlackElo "2087"]
[Opening "Caro-Kann: Panov-Botvinnik attack"]
[ECO "B13"]
[NIC "CK.03"]
[Time "16:32:58"]
[PlyCount "75"]
[TimeControl "4500+10"]

1. e4 c6 2. d4 d5 3. exd5 cxd5 4. c4 Nf6 5. Nc3 Nc6 6. Nf3 Bg4 7. cxd5 Nxd5
8. Qb3 Bxf3 9. gxf3 e6 10. Qxb7 Nxd4 11. Bb5+ Nxb5 12. Qc6+ Ke7 13. Qc5+
Nd6 14. Nxd5+ exd5 15. O-O Kd7 16. Qxd5 Be7 17. Re1 Rb8 18. Bf4 Rb5 19. Qd4
Qb6 20. Qxg7 Re8 21. Qg4+ f5 22. Qg7 Rd5 23. Kg2 Qd4 24. Be5 Qh4 25. Red1
Rxd1 26. Rxd1 Ke6 27. Bg3 Qh5 28. Re1+ Kd7 29. Bxd6 Kxd6 30. Qe5+ Kc6 31.
Qe6+ Kb7 32. Qd7+ Ka8 33. h4 Qf7 34. Kh1 Qh5 35. Kg1 Qf7 36. Re6 Qg7+ 37.
Kf1 Qf7 38. Qd5+ { Black resigns } 1-0

[Event "ICC tourney 2438 (75 10)"]
[Site "Internet Chess Club"]
[Date "2021.03.07"]
[Round "5"]
[White "DENG, HENRY:SuperPuzzler"]
[Black "CAO, TIMOTHY:tcao"]
[Result "1-0"]
[ICCResult "Black resigns"]
[WhiteElo "2049"]
[BlackElo "2067"]
[Opening "French: Tarrasch, closed variation"]
[ECO "C05"]
[NIC "FR.17"]
[Time "16:32:58"]
[PlyCount "75"]
[TimeControl "4500+10"]

1. e4 e6 2. d4 d5 3. Nd2 Nf6 4. e5 Nfd7 5. Bd3 c5 6. c3 Nc6 7. Ne2 Qb6 8.
Nf3 Be7 9. O-O O-O 10. Re1 cxd4 11. cxd4 Qc7 12. a3 a6 13. Bf4 Qd8 14. Qc2
f5 15. exf6 Nxf6 16. Be5 h6 17. Nf4 Nxe5 18. dxe5 Ne4 19. Ng6 Rf7 20. Nxe7+
Qxe7 21. Bxe4 dxe4 22. Qxe4 Rb8 23. Rac1 Bd7 24. Nd4 Rbf8 25. f3 Bc8 26.
Kh1 Rf4 27. Qe3 Qe8 28. Ne2 Rh4 29. Qf2 Qh5 30. Qg3 b5 31. Rc7 g5 32. Rec1
Rc4 33. R7xc4 bxc4 34. Rxc4 Rd8 35. Kg1 Rd1+ 36. Kf2 Bd7 37. Rd4 Rxd4 38.
Nxd4 { Black resigns } 1-0

[Event "ICC tourney 2438 (75 10)"]
[Site "Internet Chess Club"]
[Date "2021.03.07"]
[Round "5"]
[White "SRIPADA, HAVISH:brilliantnessme"]
[Black "Massick, Laine:Laine23"]
[Result "1/2-1/2"]
[ICCResult "Game drawn by mutual agreement"]
[WhiteElo "2036"]
[BlackElo "1957"]
[Opening "Sicilian: Kan, Maróczy bind (Réti variation)"]
[ECO "B41"]
[NIC "SI.41"]
[Time "16:33:01"]
[PlyCount "126"]
[TimeControl "4500+10"]

1. e4 c5 2. Nf3 e6 3. d4 cxd4 4. Nxd4 a6 5. c4 Qc7 6. Nc3 Nf6 7. Be3 Bb4 8.
Bd3 Bxc3+ 9. bxc3 O-O 10. O-O d6 11. f4 Nc6 12. Nxc6 bxc6 13. c5 d5 14. e5
Ne4 15. Bxe4 dxe4 16. Qd6 Ra7 17. Rfd1 Qa5 18. Qxc6 Qxc3 19. Qxe4 Bb7 20.
Qd4 Qxd4 21. Rxd4 Bd5 22. Rb4 Rc8 23. a3 Rb7 24. Rab1 Rxb4 25. Rxb4 h5 26.
Rb6 a5 27. Rb5 a4 28. Rb4 Bc6 29. g3 Kh7 30. Kf2 Kg6 31. Bd4 Kf5 32. Ke3
Kg4 33. Kf2 Rc7 34. Be3 Rb7 35. Rb6 Bd5 36. Bd4 Be4 37. Bc3 Kh3 38. Kg1 Bd5
39. Bb4 g6 40. Rd6 Be4 41. Rd4 Bd5 42. f5 g5 43. f6 Rc7 44. Bd2 Rxc5 45.
Bxg5 Rc4 46. Rxc4 Bxc4 47. Bf4 Bd5 48. Kf2 Be4 49. Ke3 Bc2 50. Kd4 Bg6 51.
Kc5 Kxh2 52. g4+ Kg2 53. gxh5 Bxh5 54. Kd6 Kf3 55. Bd2 Ke4 56. Bc3 Kd3 57.
Bb4 Kd4 58. Bc5+ Kc4 59. Bb4 Kd3 60. Ke7 Bg6 61. Kf8 Kc4 62. Kg7 Kb3 63.
Kg8 Kc4 { Game drawn by mutual agreement } 1/2-1/2

[Event "ICC tourney 2438 (75 10)"]
[Site "Internet Chess Club"]
[Date "2021.03.07"]
[Round "5"]
[White "FANG, JADEN:SaltyCarrot777"]
[Black "ZENG, ELBERT:investigator"]
[Result "0-1"]
[ICCResult "White resigns"]
[WhiteElo "2002"]
[BlackElo "2084"]
[Opening "Pirc: classical (two knights) system"]
[ECO "B08"]
[NIC "PU.10"]
[Time "16:32:57"]
[PlyCount "48"]
[TimeControl "4500+10"]

1. e4 d6 2. d4 Nf6 3. Nc3 g6 4. Nf3 Bg7 5. Bc4 O-O 6. O-O Nc6 7. h3 Nxe4 8.
Bxf7+ Rxf7 9. Nxe4 h6 10. c3 e5 11. dxe5 Nxe5 12. Nxe5 Bxe5 13. Be3 Qh4 14.
f3 Bf5 15. Bf2 Qe7 16. Ng3 Bd7 17. Qd3 Kh7 18. Rfe1 Re8 19. Rad1 Qg5 20.
Ne4 Qf5 21. Bd4 Rfe7 22. Bxe5 Rxe5 23. Qd4 Bc6 24. Qxa7 d5 { White resigns
} 0-1

[Event "ICC tourney 2438 (75 10)"]
[Site "Internet Chess Club"]
[Date "2021.03.07"]
[Round "5"]
[White "Heidari, Ako:Ako-Ako"]
[Black "ZHANG, ROGER:RogerZ"]
[Result "1/2-1/2"]
[ICCResult "Game drawn by mutual agreement"]
[WhiteElo "1920"]
[BlackElo "1957"]
[Opening "Sicilian: Alapin's variation (2.c3)"]
[ECO "B22"]
[NIC "SI.47"]
[Time "16:33:53"]
[PlyCount "58"]
[TimeControl "4500+10"]

1. e4 c5 2. c3 Nf6 3. e5 Nd5 4. d4 cxd4 5. Nf3 Nc6 6. cxd4 e6 7. Bc4 d6 8.
O-O Be7 9. Re1 O-O 10. Bxd5 exd5 11. Nc3 Be6 12. Bf4 dxe5 13. Nxe5 Nxe5 14.
Bxe5 Rc8 15. Qb3 Qd7 16. Rad1 f6 17. Bg3 Rfe8 18. Rd3 b6 19. f3 Bf7 20.
Rde3 Bf8 21. Rxe8 Rxe8 22. Rxe8 Qxe8 23. Kf2 Qc6 24. Qb5 Qxb5 25. Nxb5 a6
26. Nd6 Bxd6 27. Bxd6 Bg6 28. Ke3 Kf7 29. Kd2 Ke6 { Game drawn by mutual
agreement } 1/2-1/2